 Dungeon Crawl Stone Soup version 0.27.0-1-g7a089689b8 (webtiles) character file.

Game seed: 15861109432269894792

271 mndeal the Firebug (level 6, -8/36 HPs)
             Began as an Octopode Fire Elementalist on Aug 9, 2021.
             Mangled by a phantom (9 damage)
             ... on level 4 of the Dungeon.
             The game lasted 00:14:32 (3227 turns).

mndeal the Firebug (Octopode Fire Elementalist)     Turns: 3227, Time: 00:14:33

Health: -8/36      AC:  1    Str:  8    XL:     6   Next: 23%
Magic:  18/18      EV: 13    Int: 17    God:
Gold:   159        SH:  0    Dex: 12    Spells: 5/9 levels left

rFire    + + .     SeeInvis .   e - +4 rapier (elec)
rCold    + . .     Faith    .   (no shield)
rNeg     . . .     Spirit   .   (helmet restricted)
rPois    +         Reflect  .   (no amulet)
rElec    +         Harm     .   k - ring of magical power
rCorr    +         Rampage  .   o - ring of protection from fire
Will     .....                  (no ring)
Stlth    ++........             (no ring)
HPRegen  0.12/turn              (no ring)
MPRegen  0.16/turn              (no ring)
                                (no ring)
                                (no ring)

@: confused, resistant, ambrosia-drunk
A: almost no armour, amphibious, 8 rings, camouflage 1, gelatinous body 1,
(nimble swimmer 1), tentacles, dopey 1
a: no special abilities


You were on level 4 of the Dungeon.
You visited 1 branch of the dungeon, and saw 4 of its levels.

You collected 159 gold pieces.

Inventory:

Hand Weapons
 e - a +4 rapier of electrocution (weapon)
Jewellery
 k - a ring of magical power (left tentacle)
 n - a ring of ice
 o - a ring of protection from fire (right tentacle)
Wands
 b - a wand of iceblast (4)
Scrolls
 a - a scroll of magic mapping
 f - 2 scrolls of identify
 h - a scroll of noise
 j - a scroll of acquirement
 p - a scroll of immolation {unknown}
 q - a scroll of enchant weapon {unknown}
 r - a scroll of vulnerability {unknown}
Potions
 c - a potion of resistance
 i - a potion of brilliance {unknown}
 l - a potion of curing {unknown}
 m - a potion of heal wounds {unknown}


   Skills:
 - Level 2.0 Dodging
 - Level 2.6 Stealth
 - Level 2.0 Spellcasting
 + Level 4.7 Conjurations
 + Level 4.7 Fire Magic


You had 5 spell levels left.
You knew the following spells:

 Your Spells              Type           Power      Damage    Failure   Level
a - Foxfire               Conj/Fire      68%        2x1d7     2%          1
b - Conjure Flame         Conj/Fire      17%        6-21      9%          3

Your spell library contained the following spells:

 Spells                   Type           Power      Damage    Failure   Level
 Inner Flame              Hex/Fire       9%         N/A       22%         3
 Sticky Flame             Conj/Fire      17%        2d4       26%         4
 Corpse Rot               Necr/Air       N/A        N/A       28%         2
 Poisonous Vapours        Pois/Air       2%         N/A       28%         2
 Hailstorm                Conj/Ice       9%         3d4       58%         4
 Fireball                 Conj/Fire      8%         3d6       58%         5
 Ice Form                 Ice/Tmut       1%         N/A       88%         4
 Freezing Cloud           Conj/Ice/Air   3%         6-21      95%         5
 Simulacrum               Ice/Necr       0%         N/A       100%        6


Dungeon Overview and Level Annotations

Branches:
Dungeon (4/15)
 Temple: D:4-7

Altars:
Cheibriados
Dithmenos
Hepliaklqana
Makhleb

Shops:
D:2 *


Innate Abilities, Weirdness & Mutations

You cannot wear most types of armour.
You are amphibious.
You can wear up to eight rings at the same time.
Your skin changes colour to match your surroundings (Stealth+).
Your rubbery body absorbs attacks. (AC +1, EV +1)
((You are camouflaged near water. (Stealth+)))
You have tentacles for arms and can constrict up to eight enemies at once.
You are dopey. (Int -2)


Message History

The foxfire hits the phantom.
The phantom is heavily damaged.
The phantom hits you.
The phantom blinks!
You blink.
The phantom hits you.
Okay, then.
The phantom closely misses you. The phantom hits you! The phantom hits you.
The phantom blinks!
You blink.
The adder closely misses you.
The water moccasin skeleton barely misses you.
The phantom hits you!
* * * LOW HITPOINT WARNING * * *
The phantom blinks!
You blink.
Press: ? - help, v - describe, . - travel
Here: a phantom (heavily damaged)
The floor.
Okay, then.
Press: ? - help, v - describe, . - travel
Here: a phantom (heavily damaged)
The floor.
As you read the scroll labelled SYCYIH OSIO, it crumbles to dust.
It is a scroll of identify.
j - a scroll of acquirement The phantom hits you.
* * * LOW HITPOINT WARNING * * *
Okay, then.
It was a potion of resistance.
You feel protected. The phantom hits you.
* * * LOW HITPOINT WARNING * * *
It was a potion of ambrosia.
You are confused.
You feel invigorated. The adder barely misses you. The phantom hits you.
* * * LOW HITPOINT WARNING * * *
The phantom blinks!
You blink.
It was a potion of mutation.
You feel extremely strange.
You feel stupid. The water moccasin skeleton bites you.
* * * LOW HITPOINT WARNING * * *
The phantom hits you!
You die...

### ... ...............##.. ..
..# ....####.......... #. ..#
...##.(#.......... #.##.#.#..#
#.##§..#.......... #..g.g.<..#
#.#...##..........
#.##g#.....#
+#.#††##........>..
g..#....###..S###..........#.
#............8Z.............#.
#........###g@W###........).##
#.......##.'#.#).##.........##
#......##...#.#.†.##..........
#.>. ..#...##.##...#..........
#).##...##..#.......÷##
####.....####........#
....................#
.....................##
...##.................##


You could see a phantom, a gnoll, an adder and a water moccasin skeleton.

Vanquished Creatures
  A bullfrog zombie (D:4)
  A bullfrog skeleton (D:4)
  A hound (D:3)
  4 gnolls
  6 adders
  A worm (D:2)
  3 dart slugs
  An orc (D:3)
  9 ball pythons
  11 endoplasms
  3 giant cockroaches
  5 goblins
  5 hobgoblins
  3 jackals (D:1)
  5 kobolds
  9 quokkas
  A bat (D:2)
  3 frilled lizards
  8 rats
80 creatures vanquished.

Vanquished Creatures (others)
  199 foxfires
199 creatures vanquished.

Grand Total: 279 creatures vanquished

Notes
Turn   | Place    | Note
-------+----------+-------------------------------------------
     0 | D:1      | mndeal the Octopode Fire Elementalist began the quest for
                  | the Orb.
     0 | D:1      | Reached XP level 1. HP: 11/11 MP: 3/3
   138 | D:1      | Found a faded altar of an unknown god.
   196 | D:1      | Reached XP level 2. HP: 17/17 MP: 3/5
   467 | D:1      | Reached XP level 3. HP: 21/21 MP: 1/6
   736 | D:1      | Learned a level 3 spell: Conjure Flame
  1228 | D:2      | Reached XP level 4. HP: 27/27 MP: 2/7
  1577 | D:2      | Reached XP level 5. HP: 25/31 MP: 2/8
  1816 | D:2      | Found Sattubub's Assorted Antiques.
  2502 | D:3      | Found a snail-covered altar of Cheibriados.
  2662 | D:3      | Found a hazy altar of Hepliaklqana.
  2663 | D:3      | Found a shadowy altar of Dithmenos.
  2663 | D:3      | Noticed a shadow
  3008 | D:4      | Reached XP level 6. HP: 36/36 MP: 9/9
  3094 | D:4      | Found a burning altar of Makhleb.
  3224 | D:4      | Identified a scroll of acquirement
  3226 | D:4      | HP: 1/36 [phantom (4)]
  3227 | D:4      | Gained mutation: You are dopey. (Int -2) [potion of
                  | mutation]
  3227 | D:4      | Mangled by a phantom

Illustrated notes

Levels and vault maps discovered:
D:1:      mainiacjoe_arrival_reflecting_pool, layout_loops_corners,
          hellmonk_ecumenical_altar_lost_god, minmay_hexomino_c4
D:2:      layout_rooms, serial_shops, shop, dk_noncrumbling_4,
          minmay_door_square
D:3:      layout_loops_cross, riverfiend_overflow_shadow_ancestor,
          cheibriados_altar_1
D:4:      cheibrodos_barr_body, layout_rooms, mainiacjoe_overflow_boulevard,
          nicolae_tso_carved_into_rock, kennysheep_small_spiral, minivault_27,
          grunt_ministairs_1

Skill      XL: |  1  2  3  4  5 |
---------------+----------------+-----
Conjurations   | 2 3 4 |  4.7
Fire Magic     | 4 |  4.7
Dodging        | |  2.0
Stealth        | |  2.6
Spellcasting   | |  2.0

Action                   |  1- 3 |  4- 6 || total
-------------------------+-------+-------++-------
Melee: Unarmed           |     1 |       ||     1
       Rapier            |     6 |    12 ||    18
       Constrict         |     2 |     3 ||     5
       Tentacles         |     2 |       ||     2
 Cast: Foxfire           |    45 |    69 ||   114
  Use: Scroll            |     1 |     2 ||     3
       Potion            |       |     3 ||     3
 Stab: Sleeping          |     2 |     2 ||     4
Armor: Skin              |     1 |       ||     1
Dodge: Dodged            |     4 |    22 ||    26
